 Dungeon Crawl Stone Soup version 0.20.1-1-g8b1a95d (webtiles) character file.

158 vineage the Slasher (level 5, -5/45 HPs)
             Began as a Minotaur Fighter on Nov 14, 2017.
             Killed by nerve-wracking pain
             ... invoked by Grinder
              (12 damage)
             ... on level 3 of the Dungeon.
             The game lasted 00:03:03 (1571 turns).

vineage the Slasher (Minotaur Fighter)              Turns: 1571, Time: 00:03:04

Health: -5/45      AC:  9    Str: 21    XL:     5   Next: 16%
Magic:  4/4        EV:  7    Int:  5    God:
Gold:   98         SH:  9    Dex: 10    Spells: 4/4 levels left

rFire    + . .     SeeInvis .   a - +0 long sword
rCold    + . .     Gourm    .   c - +0 shield
rNeg     . . .     Faith    .   b - +0 scale mail
rPois    .         Spirit   .   (helmet restricted)
rElec    .         Reflect  .   g - scarf {rC+ rF+}
rCorr    .         Harm     .   k - +1 pair of gloves
MR       .....                  (no boots)
Stlth    +.........             (no amulet)
Regen    0.2/turn               i - ring of stealth
MPRegen  0.1/turn               (no ring)

@: no status effects
A: retaliatory headbutt, horns 2
a: no special abilities


You were on level 3 of the Dungeon.
You were not hungry.

You visited 1 branch of the dungeon, and saw 3 of its levels.

You collected 98 gold pieces.

Inventory:

Hand Weapons
 a - a +0 long sword (weapon)
Armour
 b - a +0 scale mail (worn)
 c - a +0 shield (worn)
 g - a scarf of resistance (worn)
 k - a +1 pair of gloves (worn)
Jewellery
 i - a ring of stealth (left hand)
Scrolls
 d - a scroll of magic mapping {unknown}
 e - 2 scrolls of identify
 h - 2 scrolls of immolation {unknown}
Comestibles
 f - a meat ration
 j - 2 royal jellies


   Skills:
 - Level 3.6 Fighting
 + Level 6.5 Long Blades
 - Level 3.6 Armour
 - Level 3.6 Shields


You had 4 spell levels left.
You didn't know any spells.

Dungeon Overview and Level Annotations

Branches:
Dungeon (3/15)

Altars:

Annotations:
D:3 Grinder


Innate Abilities, Weirdness & Mutations

You reflexively headbutt those who attack you in melee.
You have a pair of horns on your head.


Message History

You are too injured to fight recklessly!
You are too injured to fight recklessly!
You are too injured to fight recklessly!
You are too injured to fight recklessly!
Unknown command.
You hit Grinder. You headbutt Grinder, but do no damage.
Grinder is almost dead.
Grinder gestures at you. Pain shoots through your body!
The rat bites you but does no damage.
You closely miss Grinder. Your headbutt misses Grinder.
Grinder is almost dead.
Grinder gestures at you. Pain shoots through your body!
* * * LOW HITPOINT WARNING * * *
The rat barely misses you.
You hit Grinder but do no damage.
Grinder is almost dead.
Grinder gestures at you. Pain shoots through your body!
You die...

###.....## ........#
##.[..$..## ......... ......#
.....# # #5r..#.#.#
#######@.#...... .........).#
..# ##..###..### #.# #..# #..#
##### #.# #..# #.(#
#.###...###.# # ######..###..#
#.........#.# ##........##..#
####...#.#.# # #..........#..#
##.##.#†#
#.#..####....#..########.##.#.#


You could see Grinder and a rat.

Vanquished Creatures
  5 gnolls
  5 adders
  2 oozes
  3 dart slugs
  A leopard gecko (D:1)
  A ball python (D:2)
  A giant cockroach (D:1)
  9 goblins
  6 hobgoblins
  6 bats
  4 frilled lizards
  9 kobolds
  3 rats
55 creatures vanquished.

Notes
Turn   | Place    | Note
-------+----------+-------------------------------------------
     0 | D:1      | vineage the Minotaur Fighter began the quest for the Orb.
     0 | D:1      | Reached XP level 1. HP: 19/19 MP: 0/0
   131 | D:1      | Reached skill level 3 in Long Blades
   136 | D:1      | Reached XP level 2. HP: 19/26 MP: 1/1
   388 | D:1      | Reached skill level 4 in Long Blades
   489 | D:1      | Reached XP level 3. HP: 29/31 MP: 2/2
   745 | D:2      | Reached skill level 5 in Long Blades
   756 | D:2      | Reached XP level 4. HP: 18/39 MP: 3/3
  1116 | D:2      | Reached skill level 6 in Long Blades
  1470 | D:3      | Reached XP level 5. HP: 45/45 MP: 4/4
  1559 | D:3      | Noticed Grinder
  1571 | D:3      | Killed from afar by Grinder

Skill      XL: |  1  2  3  4 |
---------------+-------------+-----
Long Blades    | 3 4 5 6 |  6.5
Fighting       | |  3.6
Armour         | |  3.6
Shields        | |  3.6

Action                   |  1- 3 |  4- 6 || total
-------------------------+-------+-------++-------
Melee: Long sword        |    87 |    55 ||   142
       Headbutt          |    12 |    10 ||    22
  Use: Potion            |     2 |     2 ||     4
       Scroll            |       |     2 ||     2
 Stab: Invisible         |       |     2 ||     2
  Eat: Bread ration      |       |     1 ||     1
Armor: Scale mail        |    45 |    20 ||    65
Dodge: Dodged            |    21 |    13 ||    34
Block: Shield            |    41 |    22 ||    63
       Rpst.: Long sword |     5 |     3 ||     8
